 Dungeon Crawl Stone Soup version 0.22.1-2-g9c5b331 (webtiles) character file.

10151 diana the Severer (level 11, 0/105 HPs)
             Began as a Minotaur Berserker on Nov 21, 2018.
             Was a High Priest of Trog.
             Slain by a red ugly thing (4 damage)
             ... on level 11 of the Dungeon.
             The game lasted 00:14:58 (8418 turns).

diana the Severer (Minotaur Berserker)              Turns: 8418, Time: 00:14:58

Health: 0/105      AC: 14    Str: 26    XL:     11   Next: 32%
Magic:  10/10      EV:  8    Int:  4    God:    Trog [*****.]
Gold:   526        SH:  0    Dex:  9    Spells: 10/10 levels left

rFire    + . .     SeeInvis .   f - +0 battleaxe (chop)
rCold    + . .     Gourm    .   (shield currently unavailable)
rNeg     . . .     Faith    .   n - +0 plate armour
rPois    .         Spirit   .   (helmet restricted)
rElec    .         Reflect  .   I - +1 cloak
rCorr    .         Harm     .   (no gloves)
MR       ++...                  t - +0 pair of boots
Stlth    ..........             k - amulet of regeneration
HPRegen  1.67/turn              i - ring of protection from fire
MPRegen  0.12/turn              j - ring of protection from cold

@: berserk cooldown, regenerating, slowed, very slow
A: retaliatory headbutt, horns 2
a: Berserk, Trog's Hand, Brothers in Arms, Renounce Religion


You were on level 11 of the Dungeon.
You worshipped Trog.
Trog was extremely pleased with you.
You were near starving.

You visited 1 branch of the dungeon, and saw 11 of its levels.
You also visited: Sewer.

You collected 526 gold pieces.

Inventory:

Hand Weapons
 f - a +0 battleaxe of chopping (weapon)
 s - a +0 hand axe of freezing
 C - a +0 hand axe of electrocution
 N - a +4 hand axe of electrocution
Armour
 n - a +0 plate armour (worn)
 t - a +0 pair of boots (worn)
 v - a +0 shield
 I - a +1 cloak (worn)
 K - the +3 buckler of the King of the Hill {+Inv}
   (You found it on level 9 of the Dungeon)

   It lets you turn invisible.
Jewellery
 i - a ring of protection from fire (left hand)
 j - a ring of protection from cold (right hand)
 k - an amulet of regeneration (around neck)
Wands
 a - a wand of paralysis (21)
 q - a wand of scattershot (6)
 B - a wand of flame (60)
 D - a wand of acid (20)
 H - a wand of enslavement (3)
 L - a wand of random effects (30)
 M - a wand of digging (16)
 O - a wand of polymorph (11)
 Q - a wand of clouds (4)
Scrolls
 d - 2 scrolls of amnesia {unknown}
 l - 7 scrolls of identify {unknown}
 m - a scroll of magic mapping {unknown}
 r - a scroll of blinking {unknown}
 y - a scroll of teleportation {unknown}
 z - 4 scrolls of remove curse {unknown}
 A - a scroll of enchant armour {unknown}
 F - a scroll of immolation {unknown}
 P - a scroll of enchant weapon {unknown}
Potions
 b - a potion of haste {unknown}
 e - 4 potions of heal wounds {unknown}
 g - 3 potions of agility {unknown}
 h - 7 potions of curing {unknown}
 o - 3 potions of mutation {unknown}
 p - a potion of degeneration {unknown}
 u - 2 potions of ambrosia {unknown}
 w - 2 potions of berserk rage {unknown}
 x - 2 potions of invisibility {unknown}
 E - a potion of flight {unknown}
 G - a potion of resistance {unknown}
 J - a potion of might {unknown}
 R - a potion of brilliance {unknown}
Comestibles
 c - 17 rations


   Skills:
 + Level 12.4 Fighting
 * Level 16.4 Axes
 - Level 3.4 Armour
 - Level 3.1 Dodging


You had 10 spell levels left.
You didn't know any spells.
Your spell library was empty.

Dungeon Overview and Level Annotations

Branches:
Dungeon (11/15)            Temple (0/1) D:4            Lair (0/6) D:8
    Orc: D:9-12

Altars:
Cheibriados
Dithmenos
Nemelex Xobeh
Qazlal
Ru
Sif Muna
Wu Jian
Yredelemnul
Jiyva

Shops:
D:4 (   D:6 =   D:7 ?

Annotations:
D:4 1 runed door, Lilu's ghost, amateur DECj
D:8 2 transporters, Thomasdb05's ghost, weakling MiFi


Innate Abilities, Weirdness & Mutations

You reflexively headbutt those who attack you in melee.
You have a pair of horns on your head.


Message History

Press: ? - help, Shift-Dir - straight line, f - kobold
Aim: a kobold, wielding a dagger
Okay, then.
Okay, then.
Okay, then.
The kobold barely misses you.
The red ugly thing gores you but does no damage.
The kobold hits you but does no damage.
You barely miss the red ugly thing.
Your headbutt misses the red ugly thing.
The red ugly thing is moderately wounded.
Your plate armour prevents you from hitting the kobold.
The red ugly thing gores you.
* * * LOW HITPOINT WARNING * * *
You are engulfed in flames!
You resist.
* * * LOW HITPOINT WARNING * * *
The kobold hits you but does no damage.
Your deep troll goes berserk!
You feel quite a bit more hungry. The red ugly thing gores you.
You die...

#.# #.# #.# #.# #.# #.#
#(# #(##### #(#u@.#
#)(K#T# ###...######.#
##############.#.......)
.......<>...##.#.#####.[
###########)##.#.#
#.##.#.# ##.##.#.#
####...#.#.#


You could see a red ugly thing, a kobold and a friendly deep troll (berserk).

Vanquished Creatures
  A two-headed ogre (D:9)
  2 ugly things (D:11)
  A manticore (D:11)
  Maurice (D:8)
  Joseph (D:8)
  A gargoyle (D:10)
  A kobold demonologist (D:11)
  2 trolls
  Sigmund (D:5)
  8 yaks
  Eustachio (D:4)
  A water moccasin (D:11)
  Purgy (Sewer)
  2 orc warriors
  4 ice beasts
  A hornet zombie (D:11)
  2 sky beasts (D:9)
  A black bear (D:7)
  A phantom (D:9)
  5 ogres (D:7)
  4 centaurs
  2 big kobolds
  6 bullfrogs
  A wyvern skeleton (D:10)
  2 scorpions
  10 killer bees
  3 wights (D:7)
  2 howler monkeys
  2 bullfrog zombies
  3 crimson imps
  3 quasits
  6 hounds
  5 jellies
  A bullfrog skeleton (D:8)
  3 centaur skeletons
  3 orc priests
  An iron imp (D:9)
  4 iguanas
  18 orc wizards
  6 worker ants
  6 gnolls
  11 adders
  2 river rats (D:6)
  2 shadow imps
  5 oozes (D:8)
  An adder skeleton (D:4)
  5 worms
  3 dart slugs
  2 leopard geckos
  38 orcs
  5 giant cockroaches
  6 hobgoblins
  7 jackals
  A quokka (D:5)
  3 ball pythons
  10 bats
  4 frilled lizards
  4 goblins
  13 kobolds
  A leopard gecko zombie (D:8)
  11 rats
263 creatures vanquished.

Vanquished Creatures (others)
  A centaur (D:11)
1 creature vanquished.

Grand Total: 264 creatures vanquished

Notes
Turn   | Place    | Note
-------+----------+-------------------------------------------
     0 | D:1      | diana the Minotaur Berserker began the quest for the Orb.
     0 | D:1      | Reached XP level 1. HP: 19/19 MP: 0/0
   679 | D:2      | Reached skill level 4 in Axes
   679 | D:2      | Reached XP level 2. HP: 27/27 MP: 1/1
   786 | D:2      | Reached XP level 3. HP: 33/33 MP: 2/2
  1346 | D:3      | Reached ** piety under Trog
  1362 | D:3      | Reached XP level 4. HP: 40/40 MP: 3/3
  1870 | D:3      | Reached skill level 5 in Axes
  2096 | D:3      | Reached XP level 5. HP: 47/47 MP: 4/4
  2406 | D:4      | Noticed Lilu's ghost (amateur DECj)
  2410 | D:4      | Found a runed door.
  2448 | D:4      | Reached skill level 5 in Fighting
  2448 | D:4      | Reached skill level 6 in Axes
  2677 | D:4      | Reached XP level 6. HP: 45/56 MP: 5/5
  2730 | D:4      | Noticed Eustachio
  2750 | D:4      | Killed Eustachio
  2750 | D:4      | Reached *** piety under Trog
  2750 | D:4      | Reached skill level 7 in Axes
  2885 | D:4      | Found Giuvu's Weapon Boutique.
  2930 | D:4      | Found a staircase to the Ecumenical Temple.
  3458 | D:5      | Entered Level 5 of the Dungeon
  3532 | D:5      | Found a stormy altar of Qazlal.
  3550 | D:5      | Reached XP level 7. HP: 45/62 MP: 6/6
  3673 | D:5      | Noticed Sigmund
  3681 | D:5      | Killed Sigmund
  3681 | D:5      | Reached skill level 8 in Axes
  3922 | D:5      | Reached skill level 9 in Axes
  4103 | D:6      | Found Ocvoveff's Jewellery Emporium.
  4169 | D:6      | Reached XP level 8. HP: 66/73 MP: 7/7
  4360 | D:6      | Found a glowing drain.
  4373 | Sewer    | Entered a sewer
  4378 | Sewer    | Reached **** piety under Trog
  4394 | Sewer    | Noticed Purgy
  4406 | Sewer    | Killed Purgy
  4406 | Sewer    | Reached skill level 10 in Axes
  4662 | D:6      | Found a deep blue altar of Sif Muna.
  4662 | D:6      | Found a basalt altar of Yredelemnul.
  4662 | D:6      | Found a sparkling altar of Nemelex Xobeh.
  4674 | D:6      | Found a shadowy altar of Dithmenos.
  4676 | D:6      | Found an ornate altar of the Wu Jian Council.
  4788 | D:7      | Reached skill level 11 in Axes
  5006 | D:7      | Reached XP level 9. HP: 69/82 MP: 5/8
  5138 | D:7      | Found Noadd's Magic Scroll Shoppe.
  5196 | D:7      | Reached skill level 12 in Axes
  5234 | D:7      | Reached ***** piety under Trog
  5691 | D:8      | Noticed Maurice
  5835 | D:8      | Found a transporter.
  5836 | D:8      | Noticed Thomasdb05's ghost (weakling MiFi)
  5842 | D:8      | Found a transporter.
  6028 | D:8      | Noticed Joseph
  6043 | D:8      | Killed Joseph
  6043 | D:8      | Reached skill level 13 in Axes
  6075 | D:8      | Found a staircase to the Lair.
  6153 | D:8      | Killed Maurice
  6153 | D:8      | Reached skill level 10 in Fighting
  6261 | D:8      | Found a viscous altar of Jiyva.
  6496 | D:8      | Reached XP level 10. HP: 94/94 MP: 9/9
  6945 | D:9      | Got a scorched buckler
  7057 | D:9      | Reached skill level 14 in Axes
  7098 | D:9      | Received a gift from Trog
  7108 | D:9      | Identified the +3 buckler of the King of the Hill {+Inv}
                  | (You found it on level 9 of the Dungeon)
  7211 | D:9      | Noticed a two-headed ogre
  7220 | D:9      | Killed a two-headed ogre
  7247 | D:9      | Reached skill level 15 in Axes
  7388 | D:9      | Found a sacrificial altar of Ru.
  7636 | D:9      | Found a snail-covered altar of Cheibriados.
  7815 | D:10     | Entered Level 10 of the Dungeon
  8085 | D:10     | Noticed a gargoyle
  8087 | D:10     | Killed a gargoyle
  8331 | D:11     | Reached XP level 11. HP: 104/104 MP: 10/10
  8370 | D:11     | Noticed a cyan ugly thing
  8377 | D:11     | Killed a cyan ugly thing
  8383 | D:11     | Noticed a white ugly thing
  8390 | D:11     | Killed a white ugly thing
  8390 | D:11     | Reached skill level 16 in Axes
  8401 | D:11     | Noticed a red ugly thing
  8417 | D:11     | HP: 1/105 [red ugly thing (10)]
  8418 | D:11     | Slain by a red ugly thing

Skill      XL: |  1  2  3  4  5  6  7  8  9 10 11 |
---------------+----------------------------------+-----
Axes           | 4 5 6 7 9 11 13 15 16 | 16.4
Fighting       | 4 5 7 8 10 11 12 | 12.4
Armour         | 3 |  3.4
Dodging        | 3 |  3.1

Action                   |  1- 3 |  4- 6 |  7- 9 | 10-12 || total
-------------------------+-------+-------+-------+-------++-------
Melee: Hand axe          |    88 |   142 |   204 |       ||   434
       Headbutt          |    12 |    22 |    58 |    29 ||   121
       Battleaxe         |       |       |   136 |   168 ||   304
Invok: Berserk           |       |     1 |       |     1 ||     2
       Brothers in Arms  |       |       |       |     2 ||     2
       Trog's Hand       |       |       |       |     1 ||     1
  Eat: Chunk             |     1 |     5 |     9 |       ||    15
       Ration            |       |     1 |       |     2 ||     3
Armor: Animal skin       |     5 |       |       |       ||     5
       Ring mail         |     6 |       |       |       ||     6
       Plate armour      |    23 |    94 |   167 |   117 ||   401
Dodge: Dodged            |    36 |    59 |   123 |    67 ||   285
